 Dungeon Crawl Stone Soup version 0.13-a0-1762-gc06daff (webtiles) character file.

1028 4tharraofdagon the Bolt Thrower (level 7, -1/52 HPs)
             Began as a Djinni Hunter on June 22, 2013.
             Slain by a wyvern (9 damage)
             ... on Level 8 of the Dungeon.
             The game lasted 00:09:46 (1702 turns).

4tharraofdagon the Bolt Thrower (Djinni Hunter)     Turns: 1702, Time: 00:09:46

HP  -1/52        AC  8     Str 12      XL: 7   Next: 76%
MP   0/0         EV  9     Int 14      God:
Gold 143         SH  0     Dex 13      Spells:  0 memorised,  6 levels left

Res.Fire  : + + +   See Invis. : .   t - +2 elf long sword (vamp)
Res.Cold  : x . .   Warding    : .   j - +3 ring mail
Life Prot.: + + +   Conserve   : .   (no shield)
Res.Poison: .       Res.Corr.  : .   (no helmet)
Res.Elec. : .       Clarity    : .   (no cloak)
Sust.Abil.: . .     Spirit.Shd : .   (no gloves)
Res.Mut.  : .       Stasis     : .   (boots unavailable)
Res.Rott. : .       Flight     : .   (no amulet)
Saprovore : . . .                    (no ring)
                                     (no ring)

@: slightly resistant to hostile enchantments, very unstealthy
A: no striking features
a: no special abilities


You were on level 8 of the Dungeon.
You were not hungry.

You visited 1 branch of the dungeon, and saw 8 of its levels.

You collected 123 gold pieces.

Inventory:

Hand weapons
 a - a +0,+0 short sword
 b - a +1,+1 crossbow
 k - a +2,+0 vampiric dagger
 t - a +2,+2 elven vampiric long sword (weapon)
 w - a +4,+2 elven dagger (quivered)
Missiles
 c - 10 bolts
Armour
 d - a +0 leather armour
 j - a +3 ring mail (worn)
 x - a +0 pair of gloves
Scrolls
 e - a scroll of remove curse
 f - a scroll of noise {unknown}
 h - a scroll of amnesia
 p - 2 scrolls of enchant armour
 q - a scroll of fog
 u - a scroll of curse armour
Jewellery
 i - an uncursed amulet of stasis
Potions
 n - a potion of brilliance
 o - a potion of magic
 s - a potion of resistance
Books
 v - a book of Power

   Spells                             Type                      Level
   Iskenderun's Mystic Blast          Conjuration                  4
   Venom Bolt                         Conjuration/Poison           5
   Bolt of Magma                      Conjuration/Fire/Earth       5
   Poisonous Cloud                    Conjuration/Poison/Air       6
   Iron Shot                          Conjuration/Earth            6
   Orb of Destruction                 Conjuration                  7


   Skills:
 - Level 3.5 Fighting
 - Level 3.0 Short Blades
 * Level 5.8 Long Blades
 - Level 6.4 Crossbows
 - Level 1.7 Dodging
 - Level 0.7 Stealth


You had 6 spell levels left.
You didn't know any spells.

Dungeon Overview and Level Annotations

Branches:
Dungeon (8/27)
 Temple: D:4-7          Orc: D:6-11        Lair: D:8-13

Altars:
Kikubaaqudgha

Annotations
D:6 Eustachio


Message History

The wyvern bites you.
* * * LOW HITPOINT WARNING * * *
The wyvern barely misses you.
Unknown command.
You hit the wyvern but do no damage.
The wyvern is severely wounded.
The wyvern closely misses you.
You hit the wyvern but do no damage.
The wyvern is severely wounded.
The wyvern closely misses you. The wyvern barely misses you.
Unknown command.
You barely miss the wyvern.
The wyvern is severely wounded.
The wyvern bites you.
* * * LOW HITPOINT WARNING * * *
The wyvern bites you but does no damage.
You hit the wyvern.
You feel better.
The wyvern is severely wounded.
The wyvern bites you!
You die...

......
.....?
..... .
#... .#
#..# ..
#D.#.#
##....#
#..#####
#....D@#
##.#####
....
#....##
##.#..
#.#.#
#.#.#
#.# .


You could see a wyvern.

Vanquished Creatures
  Grinder (D:3)
  A sky beast (D:7)
  A manticore skeleton (D:7)
  An ogre (D:7)
  A giant frog (D:7)
  2 quasits
  3 hounds
  An orc priest (D:3)
  2 orc wizards (D:7)
  3 adders
  An adder skeleton (D:4)
  A worm (D:3)
  2 giant geckos
  9 orcs
  3 giant cockroaches
  A hobgoblin (D:5)
  A ball python (D:2)
  5 bats
  3 giant newts
  5 goblins
  A hobgoblin skeleton (D:5)
  8 kobolds
56 creatures vanquished.

Vanquished Creatures (others)
  A human (D:3)
1 creature vanquished.

Grand Total: 57 creatures vanquished

Notes
Turn   | Place    | Note
--------------------------------------------------------------
     0 | D:1      | 4tharraofdagon, the Djinni Hunter, began the quest for the Orb.
     0 | D:1      | Reached XP level 1. HP: 14/14 MP: 0/0
   151 | D:2      | Reached skill level 5 in Crossbows
   151 | D:2      | Reached XP level 2. EP: 7/20
   249 | D:3      | Reached skill level 1 in Fighting
   334 | D:3      | Reached XP level 3. EP: 10/26
   364 | D:3      | Reached skill level 1 in Short Blades
   436 | D:3      | Found an ancient bone altar of Kikubaaqudgha.
   442 | D:3      | Noticed a human
   443 | D:3      | Killed a human
   443 | D:3      | Noticed a human zombie
   445 | D:3      | Noticed Grinder
   447 | D:3      | Paralysed by Grinder for 5 turns
   459 | D:3      | Killed Grinder
   459 | D:3      | Reached XP level 4. EP: 9/33
   459 | D:3      | Reached XP level 5. EP: 10/39
   459 | D:3      | Reached XP level 6. EP: 11/46
   577 | D:3      | Reached skill level 6 in Crossbows
   716 | D:5      | Entered Level 5 of the Dungeon
   807 | D:5      | Reached skill level 1 in Long Blades
  1319 | D:7      | Reached XP level 7. EP: 42/51
  1541 | D:7      | Reached skill level 5 in Long Blades
  1568 | D:6      | Noticed Eustachio
  1677 | D:8      | Noticed a wyvern
  1702 | D:8      | Slain by a wyvern

Action                   |  1- 3 |  4- 6 |  7- 9 || total
-------------------------+-------+-------+-------++-------
Melee: Dagger            |    25 |   152 |       ||   177
       Long sword        |       |       |    95 ||    95
 Fire: Crossbow          |    37 |    19 |    10 ||    66
  Use: Potion            |     1 |     2 |     3 ||     6
       Scroll            |       |     7 |     1 ||     8
